 Dungeon Crawl Stone Soup version 0.32-a0-975-g85d4e5bfdb (webtiles) character file.

Game seed: 671597970862180105

15993 holysushi the Nimble (level 12, -16/70 HPs)
             Began as an Octopode Hunter on Apr 20, 2024.
             Was an Initiate of Gozag.
             Demolished by a komodo dragon (24 damage)
             ... on level 11 of the Dungeon.
             The game lasted 00:27:07 (14294 turns).

holysushi the Nimble (Octopode Hunter)             Turns: 14294, Time: 00:27:08

Health: -16/70     AC:  1    Str: 13    XL:     12   Next: 32%
Magic:  12/12      EV: 25    Int: 18    God:    Gozag
Gold:   566        SH:  0    Dex: 25    Spells: 11/11 levels left

rFire   + . .        a - +10 orcbow of the Volcano {flame, *Corrode rPois rF+ Str+2}
rCold   + . .        (shield currently unavailable)
rNeg    . . .        (helmet restricted)
rPois   +            (no amulet)
rElec   .            f - ring of resist corrosion
rCorr   +            c - ring of see invisible
SInv    +            v - +6 ring of intelligence
Will    .....        k - ring of protection from cold
Stlth   +++++        g - +6 ring of dexterity
HPRegen 0.31/turn    w - ring of wizardry
MPRegen 0.13/turn    (no ring)
                     (no ring)

%: corrode self (3%), wizardry (x1)
@: on berserk cooldown, slowed, very slow
A: almost no armour, amphibious, 8 rings, camouflage 1, gelatinous body 1,
(nimble swimmer 1), tentacles
a: Renounce Religion, Potion Petition, Call Merchant, Bribe Branch


You were on level 11 of the Dungeon.
You worshipped Gozag.
Gozag was pleased with you.
You visited 3 branches of the dungeon, and saw 13 of its levels.
You also visited: Sewer.

You collected 2199 gold pieces.
You spent 1030 gold pieces at shops.
You paid 603 gold pieces to Gozag.

Inventory:

Hand Weapons
 a - the +10 orcbow of the Volcano (weapon) {flame, *Corrode rPois rF+ Str+2}
   (You bought it in a shop on level 6 of the Dungeon)

   Str+2:     It affects your strength (+2).
   rF+:       It protects you from fire.
   rPois:     It protects you from poison.
   *Corrode:  It may corrode you when you take damage.
 b - a +1 short sword of venom
 j - a +2 dagger of electrocution
 s - a +4 rapier of flaming
Jewellery
 c - a ring of see invisible (right tentacle)
 f - a ring of resist corrosion (left tentacle)
 g - a +6 ring of dexterity (on tentacle)
 k - a ring of protection from cold (on tentacle)
 p - a ring of fire
 v - a +6 ring of intelligence (on tentacle)
 w - a ring of wizardry (on tentacle)
 z - a +5 ring of evasion
 G - a +6 ring of dexterity
Talismans
 m - a maw talisman
Wands
 i - a wand of light (5)
 n - a wand of flame (9)
 C - a wand of mindburst (6)
Scrolls
 q - 3 scrolls of noise
 r - a scroll of revelation
 t - a scroll of vulnerability
 x - a scroll of amnesia
 y - a scroll of torment {unknown}
Potions
 d - 2 potions of attraction
 e - a potion of cancellation
 h - 3 potions of enlightenment
 l - 2 potions of curing
 u - 2 potions of brilliance
 B - 2 potions of lignification
 F - a potion of mutation {unknown}


   Skills:
 - Level 2.2 Fighting
 - Level 9.4 Short Blades
 + Level 11.5 Ranged Weapons
 - Level 13.7 Dodging
 - Level 7.0 Stealth
 - Level 3.1 Evocations


You had 11 spell levels left.
You didn't know any spells.
Your spell library contained the following spells:

 Spells                   Type           Power      Damage    Failure   Level
 Call Imp                 Summ           0%         N/A       13%         2
 Lesser Beckoning         Tloc           0%         N/A       13%         2
 Sublimation of Blood     Necr           0%         N/A       13%         2
 Maxwell's Portable Pile  Tloc           0%         2d(5-13)  26%         3
 Teleport Other           Tloc           0%         N/A       26%         3
 Leda's Liquefaction      Alch/Erth      0%         N/A       61%         4
 Petrify                  Alch/Erth      0%         N/A       61%         4
 Borgnjor's Vile Clutch   Necr/Erth      0%         N/A       91%         5
 Metabolic Englaciation   Hex/Ice        0%         N/A       91%         5
 Death Channel            Necr           0%         N/A       100%        6
 Dispersal                Tloc           0%         N/A       100%        6
 Gell's Gavotte           Tloc           0%         2d(11-16) 100%        6
 Summon Hydra             Summ           0%         N/A       100%        7
 Animate Dead             Necr           Unusable   N/A       N/A         4

Dungeon Overview and Level Annotations

Branches:
Dungeon (11/15) Zot: 24856  Temple (1/1) D:4 Zot: 5988    Lair (1/5) D:11 Zot: 5988
    Orc (0/2) D:10          Sewer (visited)

Altars:
Ashenzari
Cheibriados
Dithmenos
Elyvilon
Fedhas
Gozag
Hepliaklqana
Kikubaaqudgha
Makhleb
Nemelex Xobeh
Okawaru
Qazlal
Ru
Sif Muna
Trog
Uskayaw
Vehumet
Wu Jian
Xom
Yredelemnul
Zin
The Shining One

Shops:
D:1 (   D:6 (   D:7 *[[[   D:11 :

Annotations:
D:4 1 runed translucent door, Crazy Yiuf
D:10 exclusion: obsidian statue


Innate Abilities, Weirdness & Mutations

You cannot wear most types of armour.
You are amphibious.
You can wear up to eight rings at the same time.
Your skin changes colour to match your surroundings (Stealth+).
Your rubbery body absorbs attacks. (AC +1, EV +1)
((You are camouflaged when in or above water. (Stealth+)))
You have tentacles for arms and can constrict up to eight enemies at once.


Message History

You are no longer berserk.
You are exhausted.
You feel yourself slow down. The komodo dragon misses you. x2
Okay, then.
As you read the scroll labelled SEER TUR RIDENN, it crumbles to dust.
It is a scroll of amnesia.
You feel forgetful for a moment. The komodo dragon closely misses you.
The komodo dragon completely misses you.
The komodo dragon misses you.
Blink to where?
Press: ? - help, Dir - move target Floosh!
As you read the scroll labelled HEVAER RORO, it crumbles to dust.
It was a scroll of blinking.
Press: ? - help, v - describe, . - travel
Here: a komodo dragon (water) Some deep water.
Okay, then.
Unknown command.
Aiming: Warp Space
Press: ? - help, Shift-Dir - straight line Space twists violently!
The rupture engulfs the komodo dragon!
The komodo dragon blinks!
The komodo dragon is moderately wounded.
The rupture engulfs the komodo dragon.
The komodo dragon is lightly wounded.
The komodo dragon completely misses you. x2
Aiming: Warp Space
Press: ? - help, Shift-Dir - straight line Space twists violently!
The rupture engulfs the komodo dragon!
The komodo dragon is moderately wounded.
The now-empty wand crumbles to dust.
The komodo dragon misses you. The komodo dragon barely misses you.
The komodo dragon misses you.
Okay, then.
Unknown command.
The komodo dragon attacks as it pursues you!
The komodo dragon bites you!!
You die...
Your body crumbles into a pile of gold.

...~~≈≈≈≈~≈~≈~~..............##.#
...~≈≈≈≈.~.~.~~~~..............##
...~≈≈≈~~....~~~.....>>.....<..#.
...≈≈≈≈≈..>.~.~~.................
#..~≈≈≈≈~....~~~~~........#.....#
##.~≈≈≈≈~....~≈~..#..∩....##....#
....~≈≈~~....≈~~..........#......
.....≈≈~...~~≈≈.l.###............
.....~~.~~.~≈≈~l@.#..............
....~..~~~.~≈≈~~.....#...........
#.#...≈≈~~.~≈≈~~...###..........#
#.#..~~≈≈≈.~.≈~.~..#...........##
#.....~~~~.~.~≈.......####.....##
##..~~..~~.~.~........####..##..#
#................##........##...
##...............##.#...........
############.......####..~...~.


You could see 2 komodo dragons.

Vanquished Creatures
  Erica (D:8)
  4 two-headed ogres
  An ugly thing (D:11)
  A cyclops (D:10)
  Maggie (D:7)
  An unseen horror (D:10)
  A komodo dragon (D:11)
  3 kobold demonologists (D:9)
  6 trolls
  A polar bear (D:11)
  Sigmund (D:3)
  13 yaks
  A centaur simulacrum (D:11)
  2 wraiths
  A steam dragon (D:7)
  An acid dragon (D:6)
  3 water moccasins
  Pargi (Sewer)
  4 orc warriors
  2 sky beasts
  2 black bears
  4 ice beasts
  2 wolves (D:11)
  4 phantoms
  4 centaurs
  5 kobold brigands
  2 brain worms (Sewer)
  A gnoll sergeant (D:10)
  6 scorpions
  5 wights (D:8)
  5 killer bees (D:9)
  2 howler monkeys
  6 electric eels (D:11)
  3 jellies
  2 bombardier beetles
  8 hounds
  7 orc priests
  5 iguanas
  3 sleepcaps
  11 orc wizards
  A hound skeleton (D:2)
  10 adders
  4 gnolls (D:10)
  4 white imps
  2 ufetubi (D:11)
  An adder skeleton (D:2)
  An adder zombie (D:2)
  4 dart slugs
  A ribbon worm (D:3)
  33 orcs
  A bat skeleton (D:2)
  9 endoplasms
  3 giant cockroaches
  9 goblins
  4 hobgoblins
  7 jackals
  5 quokkas
  7 ball pythons
  A ball python zombie (D:2)
  9 bats
  2 frilled lizards
  17 kobolds
  5 rats
276 creatures vanquished.

Notes
Turn   | Place    | Note
-------+----------+-------------------------------------------
     0 | D:1      | holysushi the Octopode Hunter began the quest for the Orb.
     0 | D:1      | Reached XP level 1. HP: 14/14 MP: 1/1
    38 | D:1      | Reached XP level 2. HP: 14/19 MP: 2/2
   343 | D:1      | Reached XP level 3. HP: 19/24 MP: 3/3
   347 | D:1      | Reached skill level 1 in Short Blades
   626 | D:1      | Found Uczozur's Antique Weapon Shoppe.
   833 | D:2      | Reached skill level 3 in Dodging
   939 | D:2      | Reached XP level 4. HP: 29/29 MP: 4/4
  1398 | D:2      | Found a faded altar of an unknown god.
  1548 | D:3      | Found a bloodstained altar of Trog.
  1576 | D:3      | Found a sparkling altar of Nemelex Xobeh.
  1655 | D:3      | Noticed Sigmund
  2041 | D:3      | Reached XP level 5. HP: 34/34 MP: 5/5
  2626 | D:4      | Found a runed translucent door.
  2627 | D:4      | Noticed Crazy Yiuf
  2819 | D:4      | Reached skill level 4 in Dodging
  3057 | D:4      | Noticed a phantom
  3067 | D:4      | Killed a phantom
  3068 | D:4      | Reached XP level 6. HP: 39/39 MP: 6/6
  3424 | D:4      | Reached skill level 5 in Dodging
  3917 | D:4      | Found a staircase to the Ecumenical Temple.
  4020 | Temple   | Entered the Ecumenical Temple
  4025 | Temple   | Became a worshipper of Gozag Ym Sagoz the Greedy
  4085 | D:5      | Entered Level 5 of the Dungeon
  4269 | D:5      | Found a glowing drain.
  4285 | D:5      | Reached XP level 7. HP: 45/45 MP: 7/7
  4289 | Sewer    | Entered a sewer
  4296 | Sewer    | Noticed Pargi
  4336 | Sewer    | Killed Pargi
  4413 | Sewer    | Reached skill level 5 in Short Blades
  4735 | D:5      | Reached skill level 6 in Dodging
  4735 | D:5      | Reached XP level 8. HP: 50/50 MP: 8/8
  4808 | D:5      | Reached skill level 5 in Stealth
  5427 | D:6      | Found Vacu's Weapon Shoppe.
  5455 | D:6      | Reached skill level 13 in Dodging
  5455 | D:6      | Reached XP level 9. HP: 23/54 MP: 9/9
  6888 | D:7      | Found Fuacleveo's General Store.
  6897 | D:7      | Bought a scroll of identify for 20 gold pieces
  6897 | D:7      | Bought 3 scrolls of identify for 60 gold pieces
  7243 | D:7      | Found Met Esol's Antique Armour Shop.
  7251 | D:7      | Found Xiedonoa's Antique Armour Shoppe.
  7301 | D:7      | Noticed Maggie
  7334 | D:7      | Found a shimmering blue altar of Sif Muna.
  7344 | D:7      | Reached XP level 10. HP: 52/60 MP: 10/10
  7591 | D:7      | Found a white marble altar of Elyvilon.
  7596 | D:7      | Identified the +4 mace of Dismemberment {protect, rN+ Str+3
                  | Dex-2}
  7698 | D:7      | Found Nemisys's Antique Armour Shop.
  8175 | D:8      | Reached skill level 1 in Evocations
  8348 | D:8      | You fall into a shaft and drop 2 floors!
  8348 | D:10     | Entered Level 10 of the Dungeon
  8362 | D:10     | Noticed an obsidian statue
  8406 | D:8      | Noticed a two-headed ogre
  8458 | D:8      | Killed a two-headed ogre
  8744 | D:3      | Killed Sigmund
  9064 | D:7      | Killed Maggie
  9420 | D:8      | Noticed a two-headed ogre
  9430 | D:8      | Killed a two-headed ogre
  9522 | D:8      | Noticed Erica
  9797 | D:8      | Found a basalt altar of Yredelemnul.
  9844 | D:8      | Killed Erica
 10199 | D:6      | Bought the +10 orcbow of the Volcano {flame, *Corrode rPois
                  | rF+ Str+2} for 950 gold pieces
 10384 | D:9      | Reached XP level 11. HP: 64/64 MP: 11/11
 10871 | D:9      | Identified the +1 war axe "Ophuib" {antimagic, ^Drain Dex+2
                  | Stlth+}
 10905 | D:9      | Reached skill level 5 in Ranged Weapons
 10953 | D:9      | Noticed a rakshasa
 11212 | D:10     | Found a staircase to the Orcish Mines.
 11213 | D:10     | Noticed a cyclops
 11221 | D:10     | Killed a cyclops
 12267 | D:11     | Noticed a green ugly thing
 12273 | D:11     | Killed a green ugly thing
 12321 | D:11     | Noticed a two-headed ogre
 12431 | D:11     | Noticed a two-headed ogre
 12435 | D:11     | Killed a two-headed ogre
 12436 | D:11     | Reached skill level 10 in Ranged Weapons
 12436 | D:11     | Reached XP level 12. HP: 49/70 MP: 12/12
 12438 | D:11     | Killed a two-headed ogre
 13675 | D:11     | Found a staircase to the Lair.
 13926 | Lair:1   | Entered Level 1 of the Lair of Beasts
 14283 | D:11     | HP: 5/105 [komodo dragon (26)]
 14294 | D:11     | Demolished by a komodo dragon

Illustrated notes

Levels and vault maps discovered:
D:1:      saegor_arrival_simple_a, layout_basic, serial_shops, shop
D:2:      layout_basic, dreamdust_ecumenical_altar_sealed_demon, serial_undead,
          serial_undead_a, serial_undead_c, serial_undead_a, serial_undead_e,
          minmay_octomino_j4
D:3:      layout_basic, mainiacjoe_overflow_catwalk_spiral, hex_intersection,
          kennysheep_generic_room_11, uniq_sigmund
D:4:      mumra_celtic_spiral_tile, layout_loops_corners, temple_hall,
          minmay_misc_feat_rugged, uniq_crazy_yiuf_cottage
D:5:      layout_loops_ring, mainiacjoe_sewer_entry_somewhere_in_here_1
D:6:      black_bear_nest_1, layout_rooms, serial_shops, nicolae_shop_scrapyard
D:7:      layout_basic, kennysheep_orc_sif_temple, elyvilon_altar_5,
          serial_shops, nicolae_shop_just_a_little_nook,
          nicolae_shop_statue_plus, nicolae_shop_statue_plus,
          nicolae_shop_dealshenge, uniq_maggie
D:8:      layout_basic, yredelemnul_altar_generic, uniq_erica
D:9:      layout_cave_pods
D:10:     old_forge, layout_cave_pods, erik_orc_3, minmay_protected_statue
D:11:     layout_cave_pools, erik_lair_island, serial_ice, serial_ice_o,
          serial_ice_f, serial_ice_c, serial_ice_l
Temple:   nicolae_temple_bog_church
Lair:1:   layout_misc_corridors, grunt_megastairs_3

Skill      XL: |  1  2  3  4  5  6  7  8  9 10 11 12 |
---------------+-------------------------------------+-----
Stealth        | 2 4 5 7 |  7.0
Short Blades   | 1 2 3 4 5 6 7 9 |  9.4
Dodging        | 3 4 5 6 13 | 13.7
Evocations     | 3 |  3.1
Ranged Weapons | 10 11 | 11.5
Fighting       | |  2.2

Action                     |  1- 3 |  4- 6 |  7- 9 | 10-12 || total
---------------------------+-------+-------+-------+-------++-------
  Melee: Rapier            |    39 |    89 |    70 |    27 ||   225
         Constrict         |     8 |    18 |    10 |    17 ||    53
         Tentacles         |     3 |    13 |    11 |    26 ||    53
         Dagger            |     1 |       |       |       ||     1
         Short sword       |       |       |     5 |    82 ||    87
   Fire: Shortbow          |    22 |    31 |   110 |    18 ||   181
         Orcbow            |       |       |       |   306 ||   306
 Invoke: Call Merchant     |       |       |       |     1 ||     1
  Evoke: Wand              |       |       |       |    17 ||    17
    Use: Scroll            |       |     6 |     7 |     8 ||    21
         Potion            |       |       |     4 |     3 ||     7
   Stab: Sleeping          |     6 |    12 |    10 |     3 ||    31
 Armour: Skin              |    28 |    40 |    41 |    83 ||   192
  Dodge: Dodged            |    23 |    50 |    50 |   149 ||   272

Table legend: (Time is in decaauts)
 A = Elapsed time spent in this place.
 B = Non-inter-level travel time spent in this place.
 C = Inter-level travel time spent in this place.
 D = Time resting spent in this place.
 E = Time spent auto-exploring this place.
 F = Levels seen in this place.
 G = Mean time per level.
                   A        B        C        D        E       F      G
               +--------+--------+--------+--------+--------+-----+--------+
         Total |  14332 |  13364 |    968 |   3855 |   6572 |  14 | 1023.7 |
       Dungeon |  14077 |  13113 |    964 |   3845 |   6505 |  11 | 1279.7 |
        Temple |     11 |      7 |      4 |      0 |      0 |   1 |   11.0 |
          Lair |     12 |     12 |      0 |      0 |      0 |   1 |   12.0 |
         Sewer |    230 |    230 |      0 |     10 |     67 |   1 |  230.0 |
               +--------+--------+--------+--------+--------+-----+--------+

Top non-repeatable levels by time:
    D:11: 1954 daAuts
     D:7: 1915 daAuts
     D:4: 1610 daAuts
     D:6: 1601 daAuts
    D:10: 1403 daAuts
     D:3: 1307 daAuts
     D:8: 1078 daAuts
     D:5: 1036 daAuts
     D:2: 811 daAuts
     D:1: 682 daAuts
     D:9: 676 daAuts
   Sewer: 230 daAuts
  Lair:1: 12 daAuts
  Temple: 11 daAuts
